 Dungeon Crawl Stone Soup version 0.30-a0-883-g5ad918d77d (webtiles) character file.

Game seed: 2385420632867587790

264 IdlyInterested the Slasher (level 5, -1/38 HPs)
             Began as a Demonspawn Gladiator on Mar 15, 2023.
             Slain by a kobold brigand
             ... wielding a +0 short sword
              (7 damage)
             ... in a sewer.
             The game lasted 00:06:29 (1966 turns).

IdlyInterested the Slasher (Demonspawn Gladiator)   Turns: 1966, Time: 00:06:29

Health: -1/38      AC:  6    Str: 15    XL:     5   Next: 98%
Magic:  5/5        EV: 13    Int:  9    God:
Gold:   127        SH:  0    Dex: 16    Spells: 4/4 levels left

rFire   . . .      SeeInvis .    a - +1 long sword (freeze)
rCold   . . .      Faith    .    (no shield)
rNeg    + . .      Spirit   .    h - +1 robe {rN+}
rPois   .          Reflect  .    c - +0 helmet
rElec   .          Rampage  .    (no cloak)
rCorr   .                        (no gloves)
Will    .....                    (no boots)
Stlth   ++                       (no amulet)
HPRegen 0.26/turn                (no ring)
MPRegen 0.09/turn                (no ring)

@: slowed, very slow
A: hooves 1, molten scales 1, demonic guardian 1
a: no special abilities


You were in a sewer.
You visited 1 branch of the dungeon, and saw 3 of its levels.
You also visited: Sewer.

You collected 127 gold pieces.

Inventory:

Hand Weapons
 a - a +1 long sword of freezing (weapon)
 g - a +0 short sword
 j - a +0 falchion
 k - a +2 short sword of venom
Missiles
 d - 3 throwing nets
 e - 4 javelins
 f - 35 stones (quivered)
 m - 2 boomerangs
 s - a curare-tipped dart
Armour
 c - a +0 helmet (worn)
 h - a +1 robe of positive energy (worn)
 l - a +0 ring mail
Scrolls
 b - a scroll of identify
 n - a scroll of enchant weapon
 q - a scroll of fog
 u - a scroll of teleportation
 v - a scroll of blinking {unknown}
 w - a scroll of fear {unknown}
Potions
 i - 2 potions of curing
 o - a potion of berserk rage {unknown}
 p - a potion of invisibility {unknown}
 r - a potion of brilliance {unknown}
 t - a potion of magic {unknown}


   Skills:
 - Level 2.0 Fighting
 * Level 5.3 Long Blades
 - Level 2.0 Throwing
 - Level 1.0 Armour
 - Level 3.0 Dodging
 - Level 2.0 Stealth
 * Level 0.2 Evocations


You had 4 spell levels left.
You didn't know any spells.
Your spell library contained the following spells:

 Spells                   Type           Power      Damage    Failure   Level
 Slow                     Hex            0%         N/A       38%         1
 Summon Small Mammal      Summ           0%         N/A       38%         1
 Ensorcelled Hibernation  Hex/Ice        0%         N/A       52%         2
 Call Canine Familiar     Summ           0%         N/A       77%         3
 Confusing Touch          Hex            0%         N/A       77%         3
 Spider Form              Tmut/Pois      0%         N/A       77%         3
 Summon Guardian Golem    Hex/Summ       0%         N/A       77%         3
 Tukima's Dance           Hex            0%         N/A       77%         3
 Vampiric Draining        Necr           0%         2d6       77%         3
 Anguish                  Hex/Necr       0%         N/A       99%         4
 Passage of Golubria      Tloc           0%         N/A       99%         4
 Yara's Violent Unravell  Hex/Tmut       0%         3d3       100%        5


Dungeon Overview and Level Annotations

Branches:
Dungeon (3/15)              Sewer (1/1)

Altars:


Innate Abilities, Weirdness & Mutations

You have large cloven feet.
You are partially covered in molten scales. (AC +2)
A weak demonic guardian rushes to your aid.


Message History

Moving in this stuff is going to be slow.
v - a scroll labelled GYNAABL UROUGG
w - a scroll labelled WOROSK AGGOY You enter the shallow water.
Moving in this stuff is going to be slow.
Found a glowing yellow potion.
A kobold brigand comes into view.
It is wielding a +0 short sword and quivering poisoned darts.
Found a scroll of fog.
A kobold brigand and a kobold come into view.
The kobold brigand is wielding a +0 short sword and quivering curare-tipped darts.
The kobold brigand shouts!
The kobold brigand throws a poisoned dart.
The poisoned dart hits you!
You are poisoned.
The kobold brigand throws a curare-tipped dart.
The curare-tipped dart hits you.
You are more poisoned.
You have difficulty breathing.
You feel yourself slow down.
You feel extremely sick.
The kobold brigand hits you with a +0 short sword.
The kobold brigand throws a curare-tipped dart.
The curare-tipped dart hits you.
You are lethally poisoned!
You have difficulty breathing.
A demonic guardian appears!
You feel as though you will be slow longer.
The kobold brigand hits you with a +0 short sword.
* * * LOW HITPOINT WARNING * * *
You feel better.
The kobold brigand throws a curare-tipped dart.
The curare-tipped dart closely misses you.
The kobold brigand hits you with a +0 short sword.
* * * LOW HITPOINT WARNING * * *
Your iron imp closely misses the kobold brigand.
The kobold brigand splashes around in the water.
The kobold attacks as you move away!
The kobold hits you with a +3 short sword.
* * * LOW HITPOINT WARNING * * *
Your iron imp hits the kobold brigand!
The kobold brigand hits you with a +0 short sword!
You die...

##### #..~## #.K?.#
#.K5.# .. #K# .~.
#@# #~# #.# #~# #.#
#~# ##.## ##~##
##~.~## ##~.~##
#~.~..####.....#####
#~....~~~~....~≈≈≈≈≈
#.....####..~.~#####
##...## ##.~.##


You could see 2 kobold brigands, a kobold and a friendly iron imp (summoned).

Vanquished Creatures
  A kobold brigand (Sewer)
  An orc wizard (D:3)
  A gnoll (D:1)
  8 adders
  A worm (Sewer)
  2 dart slugs
  3 orcs (D:3)
  4 bats
  2 endoplasms
  3 giant cockroaches
  2 goblins (D:2)
  3 hobgoblins (D:2)
  3 jackals (D:2)
  3 quokkas (D:1)
  5 ball pythons
  5 kobolds
  3 rats (D:1)
50 creatures vanquished.

Vanquished Creatures (collateral kills)
  An orc priest (D:3)
  2 orcs (D:3)
  A kobold (Sewer)
4 creatures vanquished.

Grand Total: 54 creatures vanquished

Notes
Turn   | Place    | Note
-------+----------+-------------------------------------------
     0 | D:1      | IdlyInterested the Demonspawn Gladiator began the quest for
                  | the Orb.
     0 | D:1      | Reached XP level 1. HP: 16/16 MP: 1/1
   183 | D:1      | Reached skill level 3 in Long Blades
   233 | D:1      | Gained mutation: You have large cloven feet. [demonic
                  | ancestry]
   233 | D:1      | Reached XP level 2. HP: 22/22 MP: 2/2
   971 | D:2      | Gained mutation: A weak demonic guardian rushes to your
                  | aid. [demonic ancestry]
   971 | D:2      | Reached XP level 3. HP: 27/27 MP: 3/3
  1132 | D:2      | Reached skill level 4 in Long Blades
  1401 | D:2      | Gained mutation: You are partially covered in molten
                  | scales. (AC +2) [demonic ancestry]
  1401 | D:2      | Reached XP level 4. HP: 33/33 MP: 4/4
  1511 | D:3      | Reached skill level 1 in Stealth
  1572 | D:3      | Reached XP level 5. HP: 13/38 MP: 5/5
  1715 | D:3      | Found a glowing drain.
  1741 | Sewer    | Entered a sewer
  1824 | Sewer    | Reached skill level 5 in Long Blades
  1824 | Sewer    | Reached skill level 1 in Armour
  1966 | Sewer    | Slain by a kobold brigand

Illustrated notes

Levels and vault maps discovered:
D:1:      dpeg_arrival_rhombi, layout_loops_ring
D:2:      layout_rooms
D:3:      layout_basic, portal_sewer_entry_d, amcnicky_mini_pool_small,
          kennysheep_small_spiral, dk_noncrumbling_4, kennysheep_generic_room_6
Sewer:    sewer_co_15_rooms

Skill      XL: |  1  2  3  4  5 |
---------------+----------------+-----
Long Blades    | 3 4 5 |  5.3
Throwing       | 2 |  2.0
Dodging        | 3 |  3.0
Stealth        | 1 2 |  2.0
Armour         | 1 |  1.0
Fighting       | |  2.0
Evocations     | |  0.2

Action                     |  1- 3 |  4- 6 || total
---------------------------+-------+-------++-------
  Melee: Long sword        |    78 |    75 ||   153
         Kick              |     7 |    18 ||    25
         Punch             |     1 |     2 ||     3
  Throw: Stone             |       |     5 ||     5
    Use: Scroll            |     4 |     4 ||     8
         Potion            |       |     1 ||     1
   Stab: Sleeping          |     2 |     2 ||     4
 Armour: Leather armour    |     9 |       ||     9
         Robe              |    15 |    30 ||    45
  Dodge: Dodged            |    77 |    63 ||   140

Table legend: (Time is in decaauts)
 A = Elapsed time spent in this place.
 B = Non-inter-level travel time spent in this place.
 C = Inter-level travel time spent in this place.
 D = Time resting spent in this place.
 E = Time spent auto-exploring this place.
 F = Levels seen in this place.
 G = Mean time per level.
                   A        B        C        D        E       F      G
               +--------+--------+--------+--------+--------+-----+--------+
         Total |   2038 |   1846 |    192 |    265 |    895 |   4 |  509.5 |
       Dungeon |   1773 |   1581 |    192 |    227 |    822 |   3 |  591.0 |
         Sewer |    264 |    264 |      0 |     38 |     73 |   1 |  264.0 |
               +--------+--------+--------+--------+--------+-----+--------+

Top non-repeatable levels by time:
     D:1: 889 daAuts
     D:2: 594 daAuts
     D:3: 289 daAuts
   Sewer: 264 daAuts
